 Dungeon Crawl Stone Soup version 0.14-a0-1653-g0ad7a2c (webtiles) character file.

5107 M4edhros the Toy (level 10, -2/58 HPs)
             Began as an Octopode Artificer on Dec 28, 2013.
             Was a Plaything of Xom.
             Killed themself with a badly aimed fireball (18 damage)
             ... on Level 9 of the Dungeon.
             The game lasted 00:26:58 (8955 turns).

M4edhros the Toy (Octopode Artificer)               Turns: 8955, Time: 00:26:58

HP  -2/58        AC  1     Str 11      XL: 10   Next: 52%
MP  25/25        EV 17     Int 17      God: Xom
Gold 186         SH 26     Dex 16      Spells:  0 memorised,  9 levels left

rFire  . . .     SeeInvis .     F - +3,+2 dwarf hand axe (elec)
rCold  . . .     Clarity  .     H - +0 large shield
rNeg   . . .     Conserve +     (helmet restricted)
rPois  .         rCorr    .     s - amulet of conservation
rElec  .         rRot     .     e - +3 ring of dexterity
SustAb + .       Spirit   .     l - +5 ring of evasion
rMut   .         Warding  .     J - ring of sustain abilities
Saprov . . .     Stasis   .     (no ring)
                                (no ring)
                                (no ring)
                                (no ring)
                                (no ring)

@: somewhat resistant to hostile enchantments, stealthy
A: almost no armour, amphibious, 8 rings, constrict 8, camouflage 1, sense
surroundings 2, gelatinous body 1
a: Renounce Religion


You were on level 9 of the Dungeon.
You worshipped Xom.
You were a beloved toy of Xom.
You were hungry.

You visited 2 branches of the dungeon, and saw 10 of its levels.

You collected 634 gold pieces.
You spent 448 gold pieces at shops.

Inventory:

Hand weapons
 h - a +0,+0 trident
 m - a +2,+1 short sword of holy wrath
 x - a +2,+0 elven dagger of venom
 C - a -1,+1 orcish trident
 F - a +3,+2 dwarven hand axe of electrocution (weapon)
Armour
 o - a +0 buckler
 H - a +0 large shield (worn)
Magical devices
 a - a wand of cold (0)
 b - a wand of flame (0)
 c - a wand of enslavement (0)
 d - a wand of random effects (2)
 w - a wand of lightning (1)
 K - a wand of polymorph (0)
 L - a wand of polymorph (0)
 M - a wand of polymorph (0)
Comestibles
 f - 14 bread rations
 g - 4 pears
 q - 2 chokos
 A - 4 beef jerkies
 O - a banana
 P - a rotting chunk of orc flesh
Scrolls
 k - 2 scrolls of teleportation
 n - 6 scrolls of enchant weapon II
 p - 2 scrolls of enchant armour
 t - 3 scrolls of fear
 u - 3 scrolls of blinking
 y - 3 scrolls of remove curse
 z - 2 scrolls of fog
 G - a scroll of enchant weapon I
 I - a scroll of holy word
Jewellery
 e - a +3 ring of dexterity (left tentacle)
 j - an uncursed amulet of warding
 l - a +5 ring of evasion (right tentacle)
 s - an amulet of conservation (around mantle)
 J - a ring of sustain abilities (on tentacle)
Potions
 i - a potion of magic
 r - a potion of agility
 v - 2 potions of invisibility
 B - 2 potions of restore abilities
 E - a potion of might {unknown}
Books
 D - a book of Beasts

   Spells                             Type                      Level
   Summon Butterflies                 Summoning                    1
   Sticks to Snakes                   Transmutation                2
   Call Canine Familiar               Summoning                    3
   Ice Form                           Ice/Transmutation            4
   Summon Ice Beast                   Ice/Summoning                4
   Summon Hydra                       Summoning                    7


   Skills:
 - Level 1.0 Fighting
 - Level 1.0 Short Blades
 + Level 0.2 Axes
 - Level 6.6 Dodging
 - Level 1.3 Stealth
 + Level 5.0 Shields
 - Level 12.5 Invocations
 - Level 6.4 Evocations


You had 9 spell levels left.
You didn't know any spells.

Dungeon Overview and Level Annotations

Branches:
Dungeon (9/16)             Temple (1/1) D:4             Orc (0/4) D:9
   Lair (0/8) D:8

Altars:
Ashenzari
Cheibriados
Elyvilon
Fedhas
Kikubaaqudgha
Makhleb
Nemelex Xobeh
Okawaru
Sif Muna
Trog
Vehumet
Xom
Yredelemnul
Zin
the Shining One

Shops:
D:8 /

Annotations:
D:8 exclusion: oklob plant


Innate Abilities, Weirdness & Mutations

You cannot wear most types of armour.
You are amphibious.
You can wear up to eight rings at the same time.
You can use your tentacles to constrict many enemies at once.
Your skin changes colour to match your surroundings (Stlth).
Your rubbery body absorbs attacks (AC +1).
You passively map the area around you.


Message History

You squeeze the orc wizard.
The orc wizard is moderately wounded.
The orc wizard gestures at you while chanting.
The magic dart hits you! The orc wizard casts a spell at you.
The magic dart hits you!
* * * LOW HITPOINT WARNING * * *
You are too injured to fight recklessly!
Unknown command.
Drink which item? (? for menu, Esc to quit)
Okay, then.
Evoke which item? (* to show all) (? for menu, Esc to quit)
Zapping:
d - a wand of random effects (2)
Press: ? - help, Shift-Dir - straight line, f - orc wizard
Aim: an orc wizard, wielding an orcish great mace and wearing an orcish robe (moderately wounded, moving very quickly)
The fireball explodes!
The fireball engulfs the orc wizard.
The orc wizard is almost dead.
The fireball engulfs you!
You die...
Xom titters!

* , **##############
, ....)....))..# * *
############.#######
#...........###### *
* *
#@###.#####....... *
, .......o)).....#
#.###### ,
*##..###.###.#.###.##
# , #.###.#.##...# ,
, .#...........# *
#.###o##.#...# * * *
#. #.##.##.## ,
#.###.##.##.# , ,
#.....##.##.#


You could see an orc wizard.

Vanquished Creatures
  Grum (D:8)
  Maurice (D:8)
  5 yaks (D:9)
  2 wolves (D:8)
  2 ogres
  A hungry ghost (D:9)
  A necrophage (D:9)
  A yellow wasp (D:8)
  A centaur (D:8)
  2 giant frogs
  6 crimson imps
  3 hounds
  2 orc priests (D:9)
  12 orc wizards
  2 iguanas
  17 worker ants
  8 adders
  A worm (D:4)
  A giant centipede zombie (D:9)
  An adder skeleton (D:5)
  3 giant eyeballs
  2 giant geckos
  56 orcs
  4 ball pythons
  13 hobgoblins
  4 jackals
  5 quokkas
  17 bats
  4 giant cockroaches
  6 giant newts
  15 goblins
  A hobgoblin skeleton (D:3)
  A jackal skeleton (D:5)
  11 kobolds
  12 rats
224 creatures vanquished.

Vanquished Creatures (collateral kills)
  A wandering mushroom (D:8)
  The ghost of M4edhros the Covert, an experienced OpAr of Fedhas (D:7)
  A queen ant (D:8)
  A two-headed ogre (D:8)
  A hungry ghost (D:9)
  A hippogriff (D:7)
  4 soldier ants (D:8)
  An ice beast (D:6)
  A sky beast (D:9)
  2 orc warriors (D:8)
  An ogre (D:5)
  2 centaurs
  2 jellies
  A hound (D:8)
  2 orc priests
  An iguana (D:8)
  An orc wizard (D:8)
  A scorpion (D:8)
  13 worker ants
  An ogre zombie (D:5)
  A mummy (D:8)
  An adder (D:8)
  12 orcs
  A hobgoblin (D:7)
  A bat (D:7)
  4 jackals
  2 kobolds (D:8)
  A toadstool (D:8)
62 creatures vanquished.

Vanquished Creatures (others)
  A worker ant (D:6)
  6 wandering mushrooms (D:8)
  A worm zombie (D:8)
  A giant spore (D:6)
  A kobold (D:6)
  111 toadstools
121 creatures vanquished.

Grand Total: 407 creatures vanquished

Notes
Turn   | Place    | Note
--------------------------------------------------------------
     0 | D:1      | M4edhros, the Octopode Artificer, began the quest for the Orb.
     0 | D:1      | Reached XP level 1. HP: 13/13 MP: 1/1
   331 | D:1      | Reached XP level 2. HP: 15/18 MP: 3/3
   938 | D:3      | Reached XP level 3. HP: 14/23 MP: 4/4
  1568 | D:4      | Reached skill level 4 in Dodging
  1568 | D:4      | Reached XP level 4. HP: 23/28 MP: 6/6
  1597 | D:4      | Found a shimmering altar of Xom.
  1731 | D:5      | Entered Level 5 of the Dungeon
  1755 | D:5      | Reached skill level 5 in Dodging
  1755 | D:5      | Reached XP level 5. HP: 7/33 MP: 7/7
  2527 | D:4      | Found a staircase to the Ecumenical Temple.
  2584 | Temple   | Entered the Ecumenical Temple
  2649 | Temple   | Became a worshipper of Fedhas Madash
  2780 | D:4      | Reached skill level 6 in Dodging
  2786 | D:4      | Reached XP level 6. HP: 20/38 MP: 9/9
  3568 | D:2      | Acquired Fedhas' first power
  3713 | D:2      | Found a white marble altar of Elyvilon.
  4503 | D:4      | Reached skill level 1 in Invocations
  4661 | D:5      | Noticed an ogre
  4662 | D:5      | Noticed an ogre
  4670 | D:5      | Killed an ogre
  4670 | D:5      | Reached XP level 7. HP: 41/43 MP: 10/10
  4675 | D:5      | Killed an ogre
  5079 | D:6      | Reached skill level 5 in Invocations
  5641 | D:7      | Reached XP level 8. HP: 48/48 MP: 15/17
  5783 | D:7      | Noticed a hippogriff
  5794 | D:7      | Killed a hippogriff
  5794 | D:7      | Reached skill level 7 in Invocations
  5819 | D:7      | Noticed M4edhros' ghost (experienced OpAr)
  5837 | D:7      | Killed M4edhros' ghost
  5837 | D:7      | Reached skill level 8 in Invocations
  5883 | D:7      | Found a staircase to the Ecumenical Temple.
  6181 | D:7      | Acquired Fedhas' second power
  6262 | D:8      | Noticed a two-headed ogre
  6274 | D:8      | Killed a two-headed ogre
  6300 | D:8      | Reached skill level 9 in Invocations
  6318 | D:8      | Reached XP level 9. HP: 50/53 MP: 19/22
  6324 | D:8      | Reached skill level 10 in Invocations
  6452 | D:8      | Noticed a queen ant
  6477 | D:8      | Killed a queen ant
  6477 | D:8      | Reached skill level 11 in Invocations
  6633 | D:8      | Acquired Fedhas' third power
  6787 | D:8      | Noticed Maurice
  6843 | D:8      | Killed Maurice
  6864 | D:8      | Found Zyetic's Magical Wand Shop.
  6881 | D:8      | Bought a wand of lightning (5) for 126 gold pieces
  6919 | D:8      | Found a staircase to the Lair.
  7050 | D:8      | Reached skill level 12 in Invocations
  7075 | D:8      | Paralysed by a giant eyeball for 4 turns
  7192 | D:8      | Noticed Grum
  7207 | D:8      | Killed Grum
  7207 | D:8      | Reached skill level 5 in Evocations
  7207 | D:8      | Reached XP level 10. HP: 31/58 MP: 21/25
  7788 | D:8      | Bought a wand of polymorph (10) for 168 gold pieces
  7789 | D:8      | Was placed under penance by Fedhas
  7799 | D:8      | Bought a wand of polymorph (4) for 84 gold pieces
  7799 | D:8      | Bought a wand of polymorph (3) for 70 gold pieces
  7805 | D:8      | Noticed an oklob plant
  7805 | D:8      | a giant spore changed into an oklob plant
  7806 | D:8      | an oklob plant changed into a wandering mushroom
  7808 | D:8      | Noticed an oklob plant
  7808 | D:8      | a wandering mushroom changed into an oklob plant
  7808 | D:8      | Fell from the grace of Fedhas
  8040 | D:4      | Became a worshipper of Xom of Chaos
  8279 | D:9      | Reached skill level 1 in Shields
  8315 | D:9      | XOM: potion effect (might)
  8446 | D:9      | XOM: god gift: 23 bolts of flame
  8691 | D:9      | XOM: cast spell 'Dragon Form'
  8694 | D:9      | Found a staircase to the Orcish Mines.
  8720 | D:9      | XOM: polymorph orc -> bat
  8732 | D:9      | XOM: give mutations
  8732 | D:9      | Gained mutation: You passively map a small area around you. [Xom's grace]
  8732 | D:9      | Gained mutation: You passively map the area around you. [Xom's grace]
  8792 | D:9      | XOM: mild Chrm miscast
  8950 | D:9      | Reached skill level 5 in Shields
  8952 | D:9      | XOM: confuse monster(s)
  8955 | D:9      | Killed themself with a badly aimed fireball

Action                   |  1- 3 |  4- 6 |  7- 9 | 10-12 || total
-------------------------+-------+-------+-------+-------++-------
Melee: Short sword       |    71 |    18 |       |       ||    89
       Trident           |       |    92 |       |       ||    92
       Dagger            |       |    32 |   184 |   136 ||   352
       Unarmed           |       |       |       |    26 ||    26
       Hand axe          |       |       |       |     6 ||     6
Invok: Evolution         |       |       |     8 |     2 ||    10
       Sunlight          |       |       |    18 |       ||    18
Evoke: Wand              |     8 |    24 |    13 |    24 ||    69
  Use: Potion            |     3 |     3 |     4 |     5 ||    15
       Scroll            |     4 |     6 |     7 |     2 ||    19
 Stab: Sleeping          |     3 |    12 |     3 |     3 ||    21
       Invisible         |       |     1 |       |       ||     1
       Distracted        |       |       |     2 |     2 ||     4
       Confused          |       |       |     2 |     1 ||     3
